 Dungeon Crawl Stone Soup version 0.31.0-32-g396128a36d (webtiles) character file.

Game seed: 3370266454476896324

361 PaiMei the Grave Robber (level 6, -5/46 HPs)
             Began as a Demonspawn Necromancer on Mar 29, 2024.
             Slain by a yak (8 damage)
             ... on level 5 of the Dungeon.
             The game lasted 00:05:16 (4406 turns).

PaiMei the Grave Robber (Demonspawn Necromancer)    Turns: 4406, Time: 00:05:17

Health: -5/46      AC:  4    Str:  8    XL:     6   Next: 38%
Magic:  11/11      EV: 13    Int: 18    God:
Gold:   78         SH:  0    Dex: 13    Spells: 8/12 levels left

rFire   . . .        g - +3 short sword
rCold   . . .        (no shield)
rNeg    + . .        r - +1 robe {rN+}
rPois   .            (helmet restricted)
rElec   .            y - +0 cloak
rCorr   .            (no gloves)
SInv    .            (no boots)
Will    .....        (no amulet)
Stlth   ++           (no ring)
HPRegen 0.27/turn    (no ring)
MPRegen 0.12/turn

%: no passive effects
@: no status effects
A: horns 2, powered by pain 1
a: no special abilities


You were on level 5 of the Dungeon.
You visited 1 branch of the dungeon, and saw 5 of its levels.

You collected 231 gold pieces.
You spent 153 gold pieces at shops.

Inventory:

Hand Weapons
 g - a +3 short sword (weapon)
 v - the +6 trident of the Chewing Wasp {flame, MP+9 Str+3}
   (You bought it in a shop on level 3 of the Dungeon)

   Str+3:     It affects your strength (+3).
   MP+9:      It affects your magic capacity (+9).
Armour
 a - a +0 robe
 r - a +1 robe of positive energy (worn)
 y - a +0 cloak (worn)
Magical Staves
 w - a staff of death
Jewellery
 k - a ring of ice
 s - an amulet of the acrobat
Wands
 x - a wand of digging (4)
Scrolls
 d - 4 scrolls of identify {unknown}
 e - 3 scrolls of poison {unknown}
 f - a scroll of immolation {unknown}
 j - a scroll of vulnerability {unknown}
 l - 4 scrolls of fog {unknown}
 m - a scroll of blinking {unknown}
 p - 2 scrolls of teleportation {unknown}
 q - a scroll of enchant armour {unknown}
 z - a scroll of acquirement {unknown}
Potions
 b - a potion of magic
 c - a potion of ambrosia {unknown}
 h - 3 potions of degeneration {unknown}
 i - a potion of might {unknown}
 n - a potion of heal wounds {unknown}
 o - a potion of haste {unknown}
 t - a potion of lignification {unknown}
 u - a potion of invisibility {unknown}
 A - a potion of berserk rage {unknown}


   Skills:
 + Level 2.8 Fighting
 + Level 3.3 Dodging
 - Level 2.0 Stealth
 + Level 3.5 Spellcasting
 + Level 5.7 Necromancy


You had 8 spell levels left.
You knew the following spells:

 Your Spells              Type           Power      Damage    Failure   Level
a - Necrotise             Necr           92%        1d8       1%          1
b - Vampiric Draining     Necr           23%        2d7       4%          3

Your spell library contained the following spells:

 Spells                   Type           Power      Damage    Failure   Level
 Animate Dead             Necr           23%        N/A       14%         4
 Foxfire                  Conj/Fire      12%        2x1d4     16%         1
 Slow                     Hex            12%        N/A       16%         1
 Curse of Agony           Necr           23%        N/A       38%         5
 Confusing Touch          Hex            3%         N/A       43%         3
 Sigil of Binding         Hex            3%         N/A       43%         3
 Plasma Beam              Fire/Air       1%         2x1d11    100%        6
 Starburst                Conj/Fire      1%         6d3       100%        6


Dungeon Overview and Level Annotations

Branches:
Dungeon (5/15)             Temple (0/1) D:5

Altars:
Qazlal
Xom

Shops:
D:3 [(*

Annotations:
D:3 2 transporters, Consumeair16's ghost, amateur TrWr


Innate Abilities, Weirdness & Mutations

You have a pair of horns on your head.
You sometimes gain a little power by taking damage.


Message History

There is an open door here.
A - a white potion You open the door. 3 yaks come into view.
Found a sapphire potion.
The yak bellows! x3
Casting: Necrotise (safe; 1% risk of failure)
Confirm with . or Enter, or press ? or * to list all spells.
You can't see any susceptible monsters within range! (Use Z to cast anyway.)
The yak gores you!
You barely miss the yak. You headbutt the yak.
The yak is lightly wounded.
The yak gores you.
You hit the yak but do no damage. You headbutt the yak.
The yak is lightly wounded.
The yak misses you.
You barely miss the yak.
The yak is lightly wounded.
The yak barely misses you.
You hit the yak. You headbutt the yak.
The yak is lightly wounded.
The yak gores you!
You hit the yak. You headbutt the yak.
The yak is heavily wounded.
The yak gores you.
* * * LOW HITPOINT WARNING * * *
You barely miss the yak. You headbutt the yak, but do no damage.
The yak is heavily wounded.
The yak gores you!
* * * LOW HITPOINT WARNING * * *
You hit the yak but do no damage. You headbutt the yak.
The yak is heavily wounded.
The yak misses you.
You hit the yak.
The yak is severely wounded.
The yak barely misses you.
You barely miss the yak. You headbutt the yak!
The yak is almost dead.
The yak gores you!
You die...

>...~..###...................##..
....~.. #...........##'###### ..
....~.. #...........##.# ..
...#~#. ............##.# ##
....#.[.######.# ....###.# #+#
.....# #.# . #.# .! #@#


YY. #Y# .... #Y## ..... #Y.#...... ##.'...... ###...... ...... ..... ..... You
could see 3 yaks.

Vanquished Creatures
  A wyvern (D:4)
  A scorpion (D:4)
  Jessica (D:2)
  4 adders
  9 dart slugs
  4 ribbon worms
  3 orcs (D:3)
  6 endoplasms
  2 giant cockroaches
  5 hobgoblins
  2 jackals (D:1)
  3 quokkas
  4 ball pythons
  3 bats
  2 frilled lizards
  7 goblins
  3 kobolds
  4 rats
64 creatures vanquished.

Vanquished Creatures (collateral kills)
  A giant cockroach (D:2)
  A goblin (D:3)
2 creatures vanquished.

Grand Total: 66 creatures vanquished

Notes
Turn   | Place    | Note
-------+----------+-------------------------------------------
     0 | D:1      | PaiMei the Demonspawn Necromancer began the quest for the
                  | Orb.
     0 | D:1      | Reached XP level 1. HP: 13/13 MP: 3/3
   178 | D:1      | Gained mutation: You have a pair of small horns on your
                  | head. [demonic ancestry]
   178 | D:1      | Reached XP level 2. HP: 19/19 MP: 0/5
  1001 | D:2      | Gained mutation: You sometimes gain a little power by
                  | taking damage. [demonic ancestry]
  1001 | D:2      | Reached XP level 3. HP: 25/25 MP: 0/6
  1005 | D:2      | Learned a level 3 spell: Vampiric Draining
  1082 | D:2      | Reached skill level 1 in Fighting
  1630 | D:2      | Noticed Jessica
  1638 | D:2      | Killed Jessica
  1639 | D:2      | Reached skill level 5 in Necromancy
  1639 | D:2      | Reached XP level 4. HP: 32/32 MP: 0/8
  2505 | D:3      | Found a stormy altar of Qazlal.
  2518 | D:3      | Found Jar Piru's Antique Weapon Shop.
  2588 | D:3      | Found Viammaso's Antique Armour Shoppe.
  2659 | D:3      | Found a shimmering altar of Xom.
  2950 | D:3      | Reached XP level 5. HP: 38/38 MP: 7/9
  2979 | D:3      | Found Nabyi's Assorted Antiques.
  3192 | D:3      | Bought a masterwork trident for 153 gold pieces
  3192 | D:3      | Identified the +6 trident of the Chewing Wasp {flame, MP+9
                  | Str+3} (You bought it in a shop on level 3 of the Dungeon)
  3208 | D:3      | Found a transporter.
  3208 | D:3      | Noticed Consumeair16's ghost (amateur TrWr)
  3208 | D:3      | Noticed an ogre
  3209 | D:3      | Found a transporter.
  3722 | D:4      | Noticed a wyvern
  3738 | D:4      | Killed a wyvern
  3739 | D:4      | Gained mutation: You have a pair of horns on your head.
                  | [demonic ancestry]
  3739 | D:4      | Reached XP level 6. HP: 9/46 MP: 6/11
  4315 | D:5      | Entered Level 5 of the Dungeon
  4320 | D:5      | Found a staircase to the Ecumenical Temple.
  4387 | D:5      | Noticed a yak
  4387 | D:5      | Noticed a yak
  4387 | D:5      | Noticed a yak
  4406 | D:5      | Slain by a yak

Illustrated notes

Levels and vault maps discovered:
D:1:      onia_arrival_pyramid, layout_loops_ring
D:2:      wander_river, layout_basic, uniq_jessica
D:3:      kennysheep_slugbush, layout_basic, nicolae_qazlal_general_emergency,
          grunt_temple_overflow_open, gammafunk_ghost_smash, serial_shops,
          nicolae_shop_behind_doors, nicolae_shop_peninsula,
          nicolae_shop_statue_plus, minmay_misc_feat_hallway,
          guppyfry_early_orc_mine
D:4:      nicolae_cairo_tiling_very_big, layout_gridville, serial_bayou,
          serial_bayou_ford_a, serial_bayou_pond_a, serial_bayou_shore_a,
          serial_bayou_pond_e
D:5:      dreamdust_elfheim, layout_basic, minmay_temple_entry_water_ring

Skill      XL: |  1  2  3  4  5 |
---------------+----------------+-----
Stealth        | 2 |  2.0
Dodging        | 2 3 |  3.3
Fighting       | 1 2 |  2.8
Necromancy     | 5 |  5.7
Spellcasting   | 3 |  3.5

Action                     |  1- 3 |  4- 6 || total
---------------------------+-------+-------++-------
  Melee: Spear             |     2 |       ||     2
         Short sword       |    14 |    11 ||    25
         Headbutt          |     1 |     8 ||     9
         Punch             |     1 |       ||     1
   Cast: Necrotise         |    56 |    83 ||   139
         Vampiric Draining |       |     3 ||     3
 Armour: Robe              |    14 |    23 ||    37
  Dodge: Dodged            |    19 |    20 ||    39
